Cogmind - Beta 16.1 @@@ ROGUE MODE // 2026.04.12 @ 01:02:39 Player: KURIIRI Result: Destroyed by ED-REF(R) with Subdweller Beam Cannon Performance ------------- Evolutions (0) 0 Regions Visited (2) 400 Robots Destroyed (21) 105 Value Destroyed (481) 481 Prototype IDs (2) 40 Alien Tech Used (0) 0 Bonus (0) 0 TOTAL SCORE: 1026 Bonus ------- None Cogmind --------- Core Integrity 0/250 Matter 143/300 Energy 35/100 System Corruption 0% Temperature Cool (9) Movement Treading (160) Location -10/Subcaves Parts ------- > --- POWER (1) -------- (None) > --- PROPULSION (2) --- Improved Treads Improved Treads > --- UTILITY (2) ------ Large Storage Unit > --- WEAPON (2) ------- Subdweller Laser Battle Rifle > --- INVENTORY (15) --- Light Treads Light Treads Light Treads Light Treads Light Treads Improved Treads Compact Wheel Improved Heat Sink Large Matter Pod (0) Makeshift Hacking Suite Autogun Autogun Autogun Maul Peak State ------------ > --- POWER ------------ Ion Engine > --- PROPULSION ------- Improved Treads Improved Treads > --- UTILITY ---------- Large Storage Unit Improved Terrain Scanner > --- WEAPON ----------- Autogun Maul > --- INVENTORY -------- Light Treads Light Treads Light Treads Light Treads Light Treads Improved Treads Improved Treads Compact Wheel Improved Heat Sink Large Matter Pod Autogun Autogun Autogun [Rating: 15] Favorites ----------- Power Ion Engine Engine Ion Engine Propulsion Improved Treads Treads Improved Treads Leg Aluminum Leg Utility Improved Terrain Scanner Device Improved Terrain Scanner Storage Large Storage Unit Weapon Autogun Energy Gun Subdweller Laser Ballistic Gun Autogun Impact Weapon Maul Build | -11 -10 -10 ------- Run | Yrd Mat Sub Slots Evolved . | . . . Power . | . . . Propulsion . | . . . Utility . | . . . Weapon . | . . . Parts Attached 17 | 3 9 5 Power 1 | . 1 . Engine 1 | . 1 . Core . | . . . Reactor . | . . . Propulsion 6 | 2 3 1 Treads 6 | 2 3 1 Leg . | . . . Wheel . | . . . Hover . | . . . Flight . | . . . Utility 2 | 1 1 . Device 1 | 1 . . Storage 1 | . 1 . Processor . | . . . Hackware . | . . . Protection . | . . . Artifact . | . . . Weapon 8 | . 4 4 Energy Gun 1 | . . 1 Energy Cannon . | . . . Ballistic Gun 6 | . 3 3 Ballistic Cannon . | . . . Launcher . | . . . Special Weapon . | . . . Impact Weapon 1 | . 1 . Slashing Weapon . | . . . Piercing Weapon . | . . . Special Melee Weapon . | . . . Unidentified Prototypes . | . . . Parts Lost 3 | . . 3 Power 1 | . . 1 Propulsion 1 | . . 1 Utility 1 | . . 1 Weapon . | . . . Highest Loss Streak 3 | . . 3 To Critical Strikes 1 | . . 1 Average Backups 12 | 6 11 14 Power . | 1 . . Propulsion 7 | 4 7 8 Utility 1 | . 1 2 Weapon 2 | 1 2 3 Tool/Special . | . . . Unused Backups 16 | . 7 9 Power 2 | . 2 . Propulsion 7 | . 1 6 Utility 4 | . 1 3 Weapon 3 | . 3 . Tool/Special . | . . . Average Slot Usage (%) 99 | . 100 99 Engine 13 | . 14 13 Treads 28 | . 28 28 Device 14 | . 14 14 Storage 14 | . 14 14 Ballistic Gun 17 | . 14 19 Impact Weapon 10 | . 13 6 Peak Build Rating 15 | 9 15 15 Average Rating 14 | 7 14 14 On Entrance 10 | 6 9 15 Avg Prop Armor Cover (%) . | . . . Naked Turns . | . . . Heaviest Build 33 | 12 32 33 Greatest Support 46 | 40 46 46 Greatest Overweight (x) . | . . . Average Overweight (x) . | . . . Largest Inventory Capacity 15 | 8 15 15 Average Capacity 13 | 8 12 15 Most Carried 15 | 6 14 15 Average Carried 12 | 5 11 14 Final Capacity 15 | 8 15 15 Final Carried 14 | 4 14 14 Class Distribution -------------------- 100% | Mutant Dominant Class ---------------- Mutant | -10/Materials Mutant | -10/Subcaves Resources | -11 -10 -10 ----------- Run | Yrd Mat Sub Matter Collected 666 | 246 334 86 Remotely . | . . . Salvage Created 709 | 94 529 86 Parts 35 | 5 25 5 Haulers Intercepted 1 | . 1 . Recyclers Shooed . | . . . Parts Field Recycled . | . . . Retrieved Matter . | . . . Parts Self-Destructed 10 | . . 10 Prevented . | . . . Parts Restored . | . . . Kills | -11 -10 -10 ------- Run | Yrd Mat Sub Combat Hostiles Destroyed 13 | . 11 2 Melee 8 | . 8 . Guns 5 | . 3 2 Classes Destroyed 10 | 2 6 2 Worker 1 | . 1 . Tunneler 1 | 1 . . Hauler 1 | . 1 . Recycler 3 | 1 2 . Operator 1 | . 1 . Watcher 1 | . 1 . Swarmer 3 | . 3 . Grunt 8 | . 8 . Artisan 1 | . . 1 Subdweller 2 | . . 2 Best Kill Streak 3 | 1 3 1 Combat Bots Only 3 | . 3 1 Max Kills in Single Turn 2 | 1 2 1 Gunslinging 1 | . 1 . Exploded . | . . . Melee 1 | . 1 . Uniques/NPCs Destroyed . | . . . Combat | -11 -10 -10 -------- Run | Yrd Mat Sub Hostile Shots Fired 107 | . 73 34 Missed 19 | . 17 2 Hits 88 | . 56 32 Projectile 88 | . 56 32 Critical Strikes 2 | . 1 1 Damage Taken 1324 | . 608 716 Core 255 | . 117 138 Absorbed by Shields . | . . . Core Remaining (%) 100 | 100 . . Volleys Fired 46 | 9 8 29 Largest 2 | 2 2 2 Hottest 85 | 40 46 85 Shots Fired 91 | 18 16 57 Gun 91 | 18 16 57 Cannon . | . . . Launcher . | . . . Special . | . . . Kinetic 83 | 18 16 49 Thermal 8 | . . 8 Explosive . | . . . Electromagnetic . | . . . Robot Hit Streak 14 | 4 2 14 Robot Miss Streak 5 | 4 5 4 Penetration Max . | . . . Secondary Targets 3 | . 2 1 Max Gunslinging Chain 1 | . 1 1 Shots Hit Robots 82 | 10 33 39 Core Hits 19 | 4 9 6 Critical Kills 2 | . 2 . Critical Parts Destroyed 4 | . 4 . Critical Strikes 6 | . 6 . Smash 6 | . 6 . Melee Attacks 46 | . 40 6 Impact 46 | . 40 6 Slashing . | . . . Piercing . | . . . Sneak Attacks 5 | . 5 . Combat Hostiles 1 | . 1 . Follow-up Attacks . | . . . Damage Inflicted 2120 | 103 1378 639 Guns 866 | 103 124 639 Cannons . | . . . Explosions . | . . . Melee 1254 | . 1254 . Ramming . | . . . Kinetic 746 | 103 124 519 Thermal 120 | . . 120 Explosive . | . . . Electromagnetic . | . . . Impact 1254 | . 1254 . Slashing . | . . . Piercing . | . . . Highest Corruption . | . . . Average Corruption . | . . . Corruption Purged . | . . . Corruption Blocked . | . . . Overload Shots . | . . . Overflow Damage 372 | . 372 . Projectiles . | . . . Explosions . | . . . Melee 372 | . 372 . Knockbacks 5 | . 5 . Impact 5 | . 5 . Kinetic . | . . . Secondary . | . . . Self-Inflicted Damage . | . . . Shots . | . . . Rammed . | . . . Targets Rammed . | . . . Kicked . | . . . Crushed . | . . . Highest Temperature 12 | . 12 12 Average Temperature 6 | . 6 6 Received Heat Transfer 459 | . 246 213 Siege Activations . | . . . Martial Activations . | . . . Shielding Activations . | . . . Robots Disrupted . | . . . Combat Hostiles . | . . . Robots Corrupted 2 | . 2 . Combat Hostiles . | . . . Parts Fried 8 | . 8 . Impact Corruptions 13 | . 13 . Robots Melted . | . . . Combat Hostiles . | . . . Parts Melted . | . . . Heat Transferred 150 | . . 150 Parts Sabotaged . | . . . Parts Stolen . | . . . Parts Stripped . | . . . Power Chain Reactions . | . . . Alert | -11 -10 -10 ------- Run | Yrd Mat Sub Maximum Alert Level . | . . . Low Security (%) 100 | 100 100 . Level 1 . | . . . Level 2 . | . . . Level 3 . | . . . Level 4 . | . . . Level 5 . | . . . High Security . | . . . Max Security . | . . . Peak Influence 104 | 5 104 . Initial . | . . . Average 47 | 1 50 . Influence Increases 429 | 10 419 . Destroy 0b10 Robot/C 220 | . 220 . Destroy 0b10 Robot/NC 40 | 10 30 . Destroy Leader 64 | . 64 . Successful Hack 26 | . 26 . Select Force Hacks 60 | . 60 . Destroy Structure 4 | . 4 . Partial Spotted 15 | . 15 . Influence Decreases 429 | 10 386 33 Entered New Map 17 | . . 17 Time Decay 412 | 10 386 16 Squads Dispatched 3 | . 3 . Investigation 2 | . 2 . Extermination . | . . . Reinforcement 1 | . 1 . Assault . | . . . Garrison . | . . . Intercept . | . . . Searches Triggered . | . . . Construction Impeded . | . . . Haulers Reinforced . | . . . Active Scanning Responses . | . . . Cargo Convoy Interrupts . | . . . Stealth | -11 -10 -10 --------- Run | Yrd Mat Sub Distress Signals 1 | . 1 . Communications Jammed . | . . . Distress Signals . | . . . Times Spotted 25 | . 21 4 Peak Tracking Total 3 | . 3 2 Tactical Retreats . | . . . Traps | -11 -10 -10 ------- Run | Yrd Mat Sub Traps Triggered . | . . . Indirectly . | . . . Trap Hack Attempts . | . . . Triggered . | . . . Disarmed . | . . . Reprogrammed . | . . . Reused . | . . . Traps Extracted . | . . . Installed . | . . . Triggered . | . . . Machines | -11 -10 -10 ---------- Run | Yrd Mat Sub Machines Disabled . | . . . Max in Single Turn . | . . . Machines Repaired . | . . . Machines Dismantled . | . . . Machines Sabotaged . | . . . Overloaded Fab Kills . | . . . Hacking | -11 -10 -10 --------- Run | Yrd Mat Sub Machines Accessed 8 | . 8 . Terminals 6 | . 6 . Fabricators . | . . . Repair Stations . | . . . Recycling Units 2 | . 2 . Scanalyzers . | . . . Garrison Access . | . . . Total Hacks 21 | . 21 . Successful 14 | . 14 . Failed 7 | . 7 . Catastrophic . | . . . Database Lockouts . | . . . Manual 20 | . 20 . Terminals 19 | . 19 . Fabricators . | . . . Repair Stations . | . . . Recycling Units 2 | . 2 . Scanalyzers . | . . . Garrison Access . | . . . Terminal Hacks 4 | . 4 . Robot Analysis 3 | . 3 . Prototype ID Bank 1 | . 1 . Fabricator Hacks . | . . . Repair Station Hacks . | . . . Recycling Unit Hacks . | . . . Scanalyzer . | . . . Garrison Access Hacks . | . . . Unauthorized Hacks 10 | . 10 . Terminals 8 | . 8 . Botnet 3 | . 3 . Skim 5 | . 5 . Fabricators . | . . . Repair Stations . | . . . Recycling Units 2 | . 2 . Tunnel 2 | . 2 . Scanalyzers . | . . . Garrison Access . | . . . Data Cores Recovered 1 | . 1 . Used . | . . . Hacking Detections 5 | . 5 . Full Trace Events . | . . . Feedback Events . | . . . Feedback Blocked . | . . . Robot Schematics Acquired . | . . . Robots Built . | . . . Authchips . | . . . Time . | . . . Total Robot Build Rating . | . . . Part Schematics Acquired . | . . . Parts Built . | . . . Authchips . | . . . Time . | . . . Total Part Build Rating . | . . . Part Studies Acquired . | . . . Parts Repaired . | . . . Time . | . . . Parts Recycled . | . . . Recycled Matter . | . . . Retrieved Matter . | . . . Retrieved Components . | . . . Parts Scanalyzed . | . . . Part Schematics Acquired . | . . . Parts Damaged . | . . . Bothacking | -11 -10 -10 ------------ Run | Yrd Mat Sub Used RIF Installer . | . . . Robots Hacked . | . . . Non-combat . | . . . Combat . | . . . Robot Hacks Applied . | . . . Relay Couplers Released . | . . . Fabnet Peak Effective % . | . . . Robots Rewired . | . . . Allies Hacked . | . . . Hacks Repelled . | . . . Allies | -11 -10 -10 -------- Run | Yrd Mat Sub Total Allies . | . . . Largest Group . | . . . Highest-Rated Group . | . . . Highest-Rated Ally . | . . . Total Orders . | . . . Ally Attacks . | . . . Total Damage . | . . . Kills . | . . . Allies Corrupted . | . . . Allies Melted . | . . . Intel | -11 -10 -10 ------- Run | Yrd Mat Sub Active Infowar (turns) 2092 | 23 1013 1056 Terrain 2092 | 23 1013 1056 Robot Analysis Total 3 | . 3 . Derelict Logs Recovered . | . . . Drone Launches . | . . . Drone Recoveries . | . . . Exploration | -11 -10 -10 ------------- Run | Yrd Mat Sub Turns Passed 2137 | 64 1013 1060 Spaces Moved 776 | 29 470 277 Core . | . . . Treads 749 | 2 470 277 Legs 27 | 27 . . Wheels . | . . . Hover . | . . . Flight . | . . . Fastest Speed 120 | 120 160 160 Average Speed 158 | 122 160 160 Slowest Speed 160 | 160 160 160 Overloaded Moves . | . . . Propulsion Burnouts . | . . . Robots Hopped . | . . . Potential Cave-ins . | . . . Cave-ins Triggered . | . . . Exploration Rate (%) 31 | 3 74 18 Regions Visited 2 Branch Regions 1 Pre-discovered Areas 4 | . 4 . Known Exits Taken 1 | . 1 . Unknown Exits Taken 1 | 1 . . Scrap Searched . | . . . Spaces Dug 6 | . 4 2 Terrain Destroyed 6 | . 4 2 Melee 6 | . 4 2 Projectile . | . . . AOE . | . . . Terrain Rammed . | . . . Walls Destroyed . | . . . Machines Disabled . | . . . Actions | -11 -10 -10 --------- Run | Yrd Mat Sub Total 1511 | 42 637 832 Wait 595 | . 92 503 Move 774 | 28 469 277 Hop . | . . . Pick Up 15 | . 12 3 Fast Attach 4 | 1 1 2 Attach 3 | 2 . 1 Detach 2 | . . 2 Swap 14 | . 9 5 Drop 12 | 2 6 4 Fire 46 | 9 8 29 Melee 46 | . 40 6 Ram . | . . . Kick . | . . . Crush . | . . . Escape Stasis . | . . . Rewire . | . . . Trap . | . . . Miscellaneous . | . . . Route ------- -11/Scrapyard -10/Materials (discovered 6 exits: *Mat x3 / *Min x2 / *Sub) -10/Subcaves (discovered 2 exits: Mat / [*Rec]) History --------- Turn | Location | Event 18 | -11/Scrapyard | Discovered new exit (range 3) 65 | -11/Scrapyard | Entered Materials 305 | -10/Materials | Build established: Mutant 365 | -10/Materials | Discovered new exit (range 15) 733 | -10/Materials | Discovered new exit (range 13) 800 | -10/Materials | Learned location of Mines (-10) 851 | -10/Materials | Identified exit to Materials 852 | -10/Materials | Discovered new exit (range 12) 892 | -10/Materials | Identified exit to Subcaves 925 | -10/Materials | Learned Storage stockpile data 966 | -10/Materials | Learned 2 Storage zone layouts 990 | -10/Materials | Identified exit to Mines 1023 | -10/Materials | Learned Storage trap positions 1078 | -10/Materials | Entered Subcaves 1079 | -10/Subcaves | Identified exit to Materials 1670 | -10/Subcaves | Discovered new exit (range 3) 1995 | -10/Subcaves | Ambushed by Subdwellers from Twisted Machinery 2024 | -10/Subcaves | Core integrity fell below 50% 2133 | -10/Subcaves | Core integrity fell below 20% 2138 | -10/Subcaves | Destroyed by ED-REF(R) with Subdweller Beam Cannon Last Messages --------------- Treads, destroying it. 02024_ WS-H5U(R) destroyed. 02024_ Switching to secondary target: UE-FOW(R). 02027_ Sub. Machine Gun shoots sparks and powers down. 02031_ Subatomizers dissect the Sub. Monowheel. 02049_ UE-FOW(R) destroyed. 02054_ Acquired 22 matter. 02057_ Dropped Broken Sub. Machine Gun. 02057_ Dropped Autogun. 02059_ Acquired Sub. Laser. 02062_ Acquired Battle Rifle. 02065_ Acquired 38 matter. 02069_ Subatomizers dissect the Sub. Monowheel. 02122_ Critical hit (Destroy). 02122_ Ion Engine destroyed. 02126_ Imp. Treads destroyed. 02134_ Imp. Terrain Scanner destroyed. Map ----- +----------------------------------------------------+ | ?# ######????????????????????????????????????? | | ## ## %##????????????????????????????????????? | | # #?????????????????????????????????????? | | ## ## %##?????????????????????????????????????? | | ## ### ##??????????????????????????????????????? | | # #?###???#????????#??????????????????????????? | | # ###??#??????????????????????????????????????? | | = ###???#???????????????????????????????????? | | #?#????#??????????????????????????????????? | | #????????#????????????????????????????????? | | #????#????????????????????????????????????? | | ## #??#???????????????????? ?????????????????? | | ##?####????#?#?#???????#???? ##???????????????? | | ##?????????#????????????#??? ????????????????? | | ######??????#?????????????? ????????????????? | | ##????????????????????# #????????????????? | | #?##?????????????#??# ##???????????????? | | ##???##????????????## " #???????????????? | | #???????????????#??# " ?? ????#????????? | | # ##?????????????????? "?????????????????? | | # ##??##?#?#?#??#????? ?????????#????????? | | # #####??#???????????# ??????? ???????????? | | [ ## ##??????????#??# #???????????????????? | | * = ########??#### ##"?????????????????? | | = = [# #### ## #""#???#??#????????? | | # ! &## "" @R " "#???#???????????? | | ## ### ### ; R ###???????????????? | | ?#### ##?###?##### " "" ""###?????????????????? | | ????###??#???????###" "###"###???????????????????? | | ????#?????#?????#??#####?###?????????????????????? | | ????##?#????????#???#?????????????????#??????????? | | #???####???????#????#?????????#??????????????????? | | ???#???#???###????#????????#?????????????????????? | | ????????#???#####????????????????????????????????? | | ?##???#????????#???????????????????#?????????????? | | ?##????##????????????????????????????????????????? | | ???#????????#????????????#???????????????????????? | | ???????????????#???????????#?????????????????????? | | ???????????????#???#???????#?????????????????????? | | ??#????????#???#??????????????#??????????????????? | | ??????????#?????????????????#????????????????????? | | ?????????????????????????????????????????????????? | | ?????????????????????????????????????????????????? | | ?????????????????????????????????????????????????? | | | | | | | | | | | | | +----------------------------------------------------+ Best States ------------- Heat Dissipation 25 Energy Generation 10 Energy Capacity 250 Matter Stores 300 Matter Capacity 300 Sight Range 16 Terrain Scan Range 16 Terrain Scan Density 10 Evasion (%) 55 Recoil Reduction 2 Item Schematics ----------------- None Robot Schematics ------------------ None Fabricated ------------ Nothing Repaired ---------- Nothing Studied --------- None Alien Tech Used ----------------- None Achievements -------------- None Challenges ------------ None Game ------ Seed XenonAccelerationForcewell Manual? 0 Play Time 00:10:55 Cumulative 405.4 hours Start 2026.04.12 @ 00:54:16 End 2026.04.12 @ 01:02:39 Sessions 1 Manual Loads 0 Difficulty Rogue Special Mode None Game No. 348 Rogue 312 Adventurer 36 Explorer 0 Win Type - Total 5 Types 2/0/0/1/0/0/0/2/0/0 Lore% 75 Gallery% 67 Achievement% 56 Wizard Run 0 Options --------- Layout 1 ASCII 0 Keyboard 0 Movement Numpad Keybinds 0 Fullscreen 1 Font 48/Smallcaps Map View 50x35 Zoom Use 0% Tactical HUD 1 Map Filters NONE Filters NONE Steam 1 RUN: 822335a0-ff76-40fb-98f1-8a4315a33bf2